 Dungeon Crawl Stone Soup version 0.30.1-4-g462c640d31 (webtiles) character file.

Game seed: 3972790406817585256

18 Arctor the Ruffian (level 2, -18/23 HPs)
             Began as a Draconian Transmuter on Sept 10, 2023.
             Killed by an exploding giant cockroach (41 damage)
             ... ignited by their inner flame
             ... on level 2 of the Dungeon.
             The game lasted 00:00:35 (820 turns).

Arctor the Ruffian (Draconian Transmuter)            Turns: 820, Time: 00:00:37

Health: -18/23     AC:  4    Str: 12    XL:     2   Next: 51%
Magic:  5/5        EV: 12    Int: 13    God:
Gold:   55         SH:  0    Dex: 11    Spells: 4/5 levels left

rFire   . .          .
                       - Unarmed
rCold   . . .        (no shield)
rNeg    . . .        (body armour unavailable)
rPois   .            (helmet restricted)
rElec   .            (no cloak)
rCorr   .            (no gloves)
SInv    .            (no boots)
Will    .....        (no amulet)
Stlth   +            (no ring)
HPRegen 0.23/turn    (no ring)
MPRegen 0.09/turn

%: no passive effects
@: no status effects
A: AC +4, unfitting armour, cold-blooded
a: no special abilities


You were on level 2 of the Dungeon.
You visited 1 branch of the dungeon, and saw 2 of its levels.

You collected 55 gold pieces.

Inventory:

Missiles
 l - 5 poisoned darts
Scrolls
 c - 2 scrolls of identify
 d - 2 scrolls of blinking
 f - a scroll of vulnerability {unknown}
 h - a scroll of silence {unknown}
 i - a scroll of magic mapping {unknown}
Potions
 a - a potion of lignification
 e - a potion of haste {unknown}
 g - a potion of cancellation {unknown}
 j - a potion of magic {unknown}
 k - a potion of curing {unknown}


   Skills:
 + Level 1.5 Fighting
 + Level 2.0 Dodging
 + Level 3.1 Unarmed Combat
 + Level 2.2 Spellcasting
 + Level 2.2 Transmutations


You had 4 spell levels left.
You knew the following spells:

 Your Spells              Type           Power      Damage    Failure   Level
a - Beastly Appendage     Tmut           14%        N/A       10%         1

Your spell library contained the following spells:

 Spells                   Type           Power      Damage    Failure   Level
 Wereblood                Tmut           7%         N/A       16%         2
 Spider Form              Tmut/Pois      4%         N/A       43%         3
 Ice Form                 Ice/Tmut       4%         N/A       83%         4


Dungeon Overview and Level Annotations

Branches:
Dungeon (2/15)

Altars:
Elyvilon


Innate Abilities, Weirdness & Mutations

Your plain brown scales are hard. (AC +4)
You cannot fit into any form of body armour.
You are cold-blooded and may be slowed by cold attacks.


Message History

You hit the kobold.
The kobold is heavily wounded.
The kobold hits you with a +0 short sword.
A kobold is nearby!
You hit the kobold but do no damage.
The kobold is heavily wounded.
A kobold is nearby!
You hit the kobold.
You kill the kobold!
Things that are here:
a +0 short sword; a kobold corpse You now have 42 gold pieces (gained 2).
You now have 55 gold pieces (gained 13).
k - an orange potion No target in view!
Found a white marble altar of Elyvilon.
No target in view!
Search for what [? for help]? dart You see here a +0 whip.
You see here 5 poisoned darts.
l - 5 poisoned darts A giant cockroach comes into view.
You see here a scroll labelled BEETOEF SIQE.
A giant cockroach is nearby!
A giant cockroach is nearby!
A giant cockroach is nearby!
As you read the scroll labelled ELYARUTALY, it crumbles to dust.
The creatures around you are filled with an inner flame!
It was a scroll of immolation.
As you read the scroll labelled KURUCU ZEIS, it crumbles to dust.
It is a scroll of identify.
d - 2 scrolls of blinking The giant cockroach barely misses you.
You hit the giant cockroach.
Flame seeps out of the giant cockroach.
The giant cockroach is moderately wounded.
The giant cockroach is engulfed in blazing flames.
The giant cockroach explodes!
The fiery explosion engulfs you!!!
Ouch! That really hurt!
You die...

#. .......# ...###. ....#.#
......... _...#.# .........
......... .......#. .... ...#
..........#. ... §§# ............
#.# #○# .?... ....#..
########..######@###..... .###...
.........###..........#.. #.....
.........##.............####...##
........###..###.#...#####....##
........##### #...### #..#.##
............####.### #.#..#
........###...##.# ####.#.##
..........###..#.#####[...#.##
.............................####


There were no monsters in sight!

Vanquished Creatures
  4 endoplasms
  A giant cockroach (D:2)
  2 goblins
  3 hobgoblins
  A ball python (D:2)
  A bat (D:2)
  A frilled lizard (D:2)
  4 kobolds
  A rat (D:2)
18 creatures vanquished.

Notes
Turn   | Place    | Note
-------+----------+-------------------------------------------
     0 | D:1      | Arctor the Draconian Transmuter began the quest for the
                  | Orb.
     0 | D:1      | Reached XP level 1. HP: 16/16 MP: 3/3
   566 | D:1      | Reached XP level 2. HP: 23/23 MP: 3/5
   777 | D:2      | Found a white marble altar of Elyvilon.
   820 | D:2      | Killed by an exploding giant cockroach... ignited by their
                  | inner flame

Illustrated notes

Levels and vault maps discovered:
D:1:      mainiacjoe_arrival_reflecting_pool, layout_basic,
          kennysheep_pointless_box
D:2:      layout_rooms, basic_altar, chequers_serial_rivers_micro_a,
          grunt_ministairs_6

Skill      XL: |  1  2 |
---------------+-------+-----
Dodging        | 2 |  2.0
Fighting       | |  1.5
Unarmed Combat | |  3.1
Spellcasting   | |  2.2
Transmutations | |  2.2

Action                     || total
---------------------------++-------
  Melee: Unarmed           ||    36
         Kick              ||     7
         Tailslap          ||     4
         Headbutt          ||     4
   Cast: Beastly Appendage ||    13
    Use: Scroll            ||     2
   Stab: Sleeping          ||     1
 Armour: Skin              ||     8
  Dodge: Dodged            ||    21
